 Dungeon Crawl Stone Soup version 0.16.1-7-g2c6721e (webtiles) character file.

3 Gorice the Magician (level 1, -3/13 HPs)
             Began as a Demonspawn Wanderer on Mar 29, 2015.
             Slain by a kobold (4 damage)
             ... on level 1 of the Dungeon.
             The game lasted 00:01:43 (93 turns).

Gorice the Magician (Demonspawn Wanderer)             Turns: 93, Time: 00:01:43

Health: -3/13      AC:  2    Str: 11    XL:     1   Next: 41%
Magic:  0/5        EV: 11    Int: 16    God:
Gold:   29         SH:  0    Dex: 10    Spells: 2 memorised, 6 levels left

rFire  . . .     SeeInvis .     e - +0 club
rCold  . . .     Clarity  .     d - +0 robe
rNeg   . . .     SustAb   .     (no shield)
rPois  .         Gourm    .     (no helmet)
rElec  .         Spirit   .     (no cloak)
rCorr  .         Warding  .     (no gloves)
rMut   .         Stasis   .     (no boots)
MR     .....                    (no amulet)
Stlth  +.........               (no ring)
                                (no ring)

@: not resistant to hostile enchantments, very unstealthy
A: no striking features
a: no special abilities


You were on level 1 of the Dungeon.
You were not hungry.

You visited 1 branch of the dungeon, and saw 1 of its levels.

You collected 29 gold pieces.

Inventory:

Hand weapons
 e - a +0 club (weapon)
Missiles
 Z - 20 stones (quivered)
Armour
 d - a +0 robe (worn)
Scrolls
 g - a scroll of blinking {unknown}
 i - 2 scrolls of remove curse {unknown}
Books
 a - a book of Minor Magic
 b - Xonaext's Reference Book on Combat Magic

   Spells                             Type                      Level
   a - Sting                          Conjuration/Poison           1
   b - Shock                          Conjuration/Air              1
 c - the Almanac of the Escort

   Spells                             Type                      Level
   a - Summon Butterflies             Summoning                    1
   b - Call Imp                       Summoning                    2
Comestibles
 f - a bread ration {!e}
 h - a chunk of flesh


   Skills:
 - Level 1.0 Throwing
 + Level 4.0 Spellcasting
 * Level 1.0 Conjurations
 - Level 3.0 Summonings
   Level 1.0 Fire Magic
   Level 1.0 Evocations


You had 6 spell levels left.
You knew the following spells:

 Your Spells              Type           Power        Failure   Level  Hunger
a - Magic Dart            Conj           #...         12%         1    None
B - Summon Butterflies    Summ           ##......     6%          1    None


Dungeon Overview and Level Annotations

Branches:
Dungeon (1/15)

Altars:


Message History

The bat is moderately wounded.
The bat misses you. The bat hits you.
* * * LOW HITPOINT WARNING * * *
You take 1 damage.
Casting: Magic Dart
Confirm with . or Enter, or press ? or * to list all spells.
Aiming: Magic Dart
Press: ? - help, Shift-Dir - straight line, f/p - bat
Aim: a bat (moderately wounded)
The magic dart hits the bat.
You kill the bat!
Your Conjurations skill increases to level 1!
Casting: Magic Dart
Confirm with . or Enter, or press ? or * to list all spells.
Aiming: Magic Dart
Press: ? - help, Shift-Dir - straight line, f - goblin
Aim: a goblin The magic dart hits the goblin.
The goblin is severely wounded.
The goblin closely misses you.
Casting: Magic Dart
Confirm with . or Enter, or press ? or * to list all spells.
You don't have enough magic to cast that spell.
Unknown command.
Casting: Magic Dart
Confirm with . or Enter, or press ? or * to list all spells.
You don't have enough magic to cast that spell.
Unknown command.
Casting: Magic Dart
Confirm with . or Enter, or press ? or * to list all spells.
You don't have enough magic to cast that spell.
Unknown command.
Casting: Magic Dart
Confirm with . or Enter, or press ? or * to list all spells.
You don't have enough magic to cast that spell.
Unknown command.
Casting: Magic Dart
Confirm with . or Enter, or press ? or * to list all spells.
You don't have enough magic to cast that spell.
Unknown command.
You are too injured to fight recklessly!
You are too injured to fight recklessly!
You are too injured to fight recklessly!
You are too injured to fight recklessly!
You are too injured to fight recklessly!
You are too injured to fight recklessly!
You closely miss the goblin.
The goblin is severely wounded.
The goblin barely misses you. The kobold hits you.
You die...

#.# ##.###......... #
#.# #..###.### #.# .# ..
#.###.#..[..####.##.#..#
#..##.#.##.............#
##.#..#.###.........#...
#.#.##.# ######.#..#
#...##.# #.# .#..
#..###.# ######.#......
#..# #.# #.K@gJ.).......
#.## #.# #.####.#..#...
#.# ...g. #.#..... #.#
#.# #.. ..... #.# ..
#####... ..# .# #.# ...
#.#


You could see an ooze, a hobgoblin, a goblin and a kobold.

Vanquished Creatures
  A bat (D:1)
  A goblin (D:1)
  A giant cockroach (D:1)
3 creatures vanquished.

Notes
Turn   | Place    | Note
--------------------------------------------------------------
     0 | D:1      | Gorice, the Demonspawn Wanderer, began the quest for the Orb.
     0 | D:1      | Gorice set off with: a book of Minor Magic, Xonaext's Reference Book on Combat Magic, the Almanac of the Escort, a +0 robe, a +0 club, a bread ration {!e}
     0 | D:1      | Reached XP level 1. HP: 13/13 MP: 5/5
     1 | D:1      | Identified Xonaext's Reference Book on Combat Magic
     1 | D:1      | Identified the Almanac of the Escort
     3 | D:1      | Learned a level 1 spell: Summon Butterflies
     5 | D:1      | Learned a level 1 spell: Magic Dart
    84 | D:1      | HP: 3/13 [goblin (4)]
    89 | D:1      | HP: 2/13 [bat (1)]
    91 | D:1      | Reached skill level 1 in Conjurations
    93 | D:1      | Slain by a kobold

Action                   || total
-------------------------++-------
Melee: Club              ||    12
 Cast: Magic Dart        ||     6

Table legend:
 A = Turns spent in this place as a percentage of turns spent in the entire game.
 B = Non-inter-level travel turns spent in this place as a percentage of non-inter-level travel turns spent in the entire game.
 C = Inter-level travel turns spent in this place as a percentage of turns spent in this place.
 D = Turns resting spent in this place as a percentage of non-inter-level travel turns spent in this place.
 E = Turns spent auto-exploring this place as a percentage of non-inter-level travel turns spent in this place.
 F = Non-inter-level travel turns spent in this place divided by the number of levels of this place that you've seen.
                   A       B       C       D       E      F
               +-------+-------+-------+-------+-------+----------------------
         Total | 100.0 | 100.0 |   0.0 |   0.0 |   2.9 | 102.0
       Dungeon | 100.0 | 100.0 |   0.0 |   0.0 |   2.9 | 102.0
               +-------+-------+-------+-------+-------+----------------------

Vault maps used:
D:1:      minmay_arrival_statue_studded
